 Dungeon Crawl Stone Soup version 0.25-a0-1130-g3926558f3a (webtiles) character file.

Game seed: 2023118444782928430, levelgen mode: deterministic

113 kae the Skirmisher (level 5, -8/42 HPs)
             Began as a Formicid Abyssal Knight on May 19, 2020.
             Was a Follower of Lugonu.
             Killed from afar by Sigmund (13 damage)
             ... with a puff of flame
             ... on level 2 of the Dungeon.
             The game lasted 00:01:27 (1990 turns).

kae the Skirmisher (Formicid Abyssal Knight)        Turns: 1990, Time: 00:01:27

Health: -8/42      AC:  6    Str: 18    XL:     5   Next: 17%
Magic:  7/7        EV: 11    Int: 11    God:    Lugonu [*.....]
Gold:   163        SH:  0    Dex: 10    Spells: 4/4 levels left

rFire    . . .     SeeInvis +   a - +2 falchion
rCold    . . .     Gourm    .   (no shield)
rNeg     + . .     Faith    .   b - +0 leather armour
rPois    .         Spirit   .   (helmet unavailable)
rElec    .         Reflect  .   (no cloak)
rCorr    .         Harm     .   j - +2 pair of gloves
MR       .....                  (no boots)
Stlth    +.........             (no amulet)
HPRegen  0.14/turn              (no ring)
MPRegen  0.10/turn              h - ring of positive energy

@: no status effects
A: permanent stasis, dig shafts and tunnels, four strong arms, antennae 3
a: Dig, Shaft Self, Depart the Abyss, Renounce Religion


You were on level 2 of the Dungeon.
You worshipped Lugonu.
Lugonu was aware of your devotion.
You were very hungry.

You visited 1 branch of the dungeon, and saw 2 of its levels.
You visited the Abyss 1 time.

You collected 163 gold pieces.

Inventory:

Hand Weapons
 a - a +2 falchion (weapon)
Armour
 b - a +0 leather armour (worn)
 j - a +2 pair of gloves (worn)
Jewellery
 h - a ring of positive energy (right hand)
Scrolls
 d - 2 scrolls of identify
 f - a scroll of magic mapping
 g - a scroll of remove curse
Potions
 e - a potion of cancellation {unknown}
 i - 3 potions of heal wounds
Comestibles
 c - 3 rations


   Skills:
 - Level 4.0 Fighting
 * Level 3.9 Long Blades
 - Level 2.1 Armour
 - Level 0.8 Dodging
 + Level 3.4 Invocations


You had 4 spell levels left.
You didn't know any spells.
Your spell library was empty.

Dungeon Overview and Level Annotations

Branches:
Dungeon (2/15)

Altars:

Annotations:
D:2 Sigmund


Innate Abilities, Weirdness & Mutations

You cannot be hasted, slowed, berserked, paralysed or teleported.
You can dig through walls and to a lower floor.
Your four strong arms can wield two-handed weapons with a shield.
You have a pair of large antennae on your head. (SInv)


Message History

The magic dart hits you.
Okay, then.
You hit Sigmund.
Sigmund is heavily wounded.
Sigmund hits you with a +0 scythe.
You closely miss Sigmund.
Sigmund is heavily wounded.
Sigmund says, "I'm your fate." Sigmund hits you with a +0 scythe.
You hit Sigmund.
Sigmund is heavily wounded.
Sigmund hits you with a +0 scythe!
* * * LOW HITPOINT WARNING * * *
You closely miss Sigmund.
Sigmund is heavily wounded.
You hit Sigmund.
Sigmund is heavily wounded.
Sigmund casts a spell at you. The puff of flame hits you!
You die...

####### ###.....#
........#
###.###.###########
# #.# #...........#
###.###.##.#####..#
##.........# #..#
#........### #.@#
******** ##...#...#
#@)# *,,,,,,*
#..##.### #..#
*,****,* ##..##.#
#..# *,* *,*
##..##.# #<.# *,*
*,* .......#
#..######.# *,*
..###..# #....[....#
*,*** ..# #..#
#.....#######*,,,,
..###..###
##...........#*****
.........#
##.......####.#*****


You could see Sigmund (invisible).

Vanquished Creatures
  2 orc priests (D:2)
  An adder (D:2)
  A worm (D:2)
  3 leopard geckos
  4 orcs (D:2)
  A giant cockroach (D:1)
  5 hobgoblins
  3 jackals (D:2)
  3 bats
  4 frilled lizards
  3 goblins
  4 kobolds
  3 rats (D:2)
37 creatures vanquished.

Notes
Turn   | Place    | Note
-------+----------+-------------------------------------------
     0 | Abyss:1  | kae the Formicid Abyssal Knight began the quest for the
                  | Orb.
     0 | Abyss:1  | Reached XP level 1. HP: 18/18 MP: 2/2
     9 | Abyss:1  | Found a corrupted altar of Lugonu.
   133 | Abyss:1  | Noticed a thrashing horror
   137 | D:1      | Escaped the Abyss
   605 | D:1      | Reached XP level 2. HP: 20/24 MP: 3/3
   817 | D:1      | Reached * piety under Lugonu
  1023 | D:2      | Reached XP level 3. HP: 29/29 MP: 4/4
  1576 | D:2      | Reached XP level 4. HP: 37/37 MP: 6/6
  1675 | D:2      | Reached skill level 4 in Fighting
  1675 | D:2      | Reached XP level 5. HP: 24/42 MP: 7/7
  1972 | D:2      | Noticed Sigmund
  1990 | D:2      | Killed from afar by Sigmund

Illustrated notes

Levels and vault maps discovered:
D:1:      dpeg_arrival_orchard, layout_loops_cross
D:2:      cheibrodos_pilgrimage, layout_loops_ring, first_ration,
          grunt_dithmenos_smoke, uniq_sigmund

Skill      XL: |  1  2  3  4 |
---------------+-------------+-----
Long Blades    | 3 |  3.9
Invocations    | 3 |  3.4
Fighting       | 4 |  4.0
Armour         | |  2.1
Dodging        | |  0.8

Action                   |  1- 3 |  4- 6 || total
-------------------------+-------+-------++-------
Melee: Falchion          |    72 |    31 ||   103
Invok: Depart the Abyss  |     1 |       ||     1
  Use: Scroll            |     4 |       ||     4
  Eat: Chunk             |     2 |       ||     2
Armor: Leather armour    |    22 |     6 ||    28
Dodge: Dodged            |    43 |     9 ||    52
       Rpst.: Falchion   |    13 |     1 ||    14

Table legend:
 A = Non-vault XP
 B = Vault XP
 C = Vault XP percentage of total XP
 D = Non-vault monster count
 E = Vault monster count
 F = Vault count percentage of total count
                 A         B        C        D         E       F
            +---------+---------+-------+---------+---------+-------
      Total |      66 |      96 |  59.3 |      31 |       6 |  16.2
            +---------+---------+-------+---------+---------+-------
        D:1 |      25 |       0 |   0.0 |      15 |       0 |   0.0
        D:2 |      41 |      96 |  70.1 |      16 |       6 |  27.3
            +---------+---------+-------+---------+---------+-------
